 Dungeon Crawl Stone Soup version 0.32-a0-643-ga006e7742e (webtiles) character file.

Game seed: 6555998370348720551

5 ytrimaz the Charlatan (level 1, -2/15 HPs)
             Began as a Coglin Artificer on Mar 8, 2024.
             Frozen to death by an endoplasm (3 damage)
             ... on level 1 of the Dungeon.
             The game lasted 00:00:24 (78 turns).

ytrimaz the Charlatan (Coglin Artificer)              Turns: 78, Time: 00:00:24

Health: -2/15      AC:  3    Str: 12    XL:     1   Next: 80%
Magic:  1/1        EV: 11    Int: 10    God:
Gold:   37         SH:  0    Dex: 14    Spells: 0/0 levels left

rFire   . . .        a - +0 club {Akiya}
rCold   . . .        f - +0 dagger {Quintus}
rNeg    . . .        b - +0 leather armour
rPois   .            (no helmet)
rElec   .            (no cloak)
rCorr   .            (no gloves)
SInv    .            (no boots)
Will    .....        (amulet unavailable)
Stlth   +            (ring unavailable)
HPRegen 0.22/turn    (ring unavailable)
MPRegen 0.07/turn    (no gizmo)

%: no passive effects
@: revving
A: off-hand wielding, slow wielding, warmup strikes, no jewellery
a: Invent Gizmo


You were on level 1 of the Dungeon.
You visited 1 branch of the dungeon, and saw 1 of its levels.

You collected 37 gold pieces.


Innate Abilities, Weirdness & Mutations

You can wield a second weapon in your off-hand.
It takes a long time for you to wield or remove held weapons.
Your first few attacks do less damage.
You cannot equip rings or amulets.


   Skills:
 + Level 1.4 Fighting
 - Level 1.7 Armour
 - Level 0.8 Dodging
 - Level 0.7 Stealth
 + Level 4.2 Evocations


You couldn't memorise any spells.
You didn't know any spells.
Your spell library contained the following spells:

 Spells                   Type           Power      Damage    Failure   Level
 Freeze                   Ice            0%         1d3       43%         1
 Frozen Ramparts          Ice            0%         1d1       82%         3
 Hailstorm                Conj/Ice       0%         3d5       82%         3

Inventory:

Hand Weapons
 a - a +0 club (weapon) {Akiya}
 f - a +0 dagger (offhand) {Quintus}
Armour
 b - a +0 leather armour (worn)
Wands
 c - a wand of flame (11) (quivered)
 d - a wand of charming (15)
 e - a wand of iceblast (5)

Dungeon Overview and Level Annotations

Branches:
Dungeon (1/15) Zot: 5919

Altars:

#... #.. #######.#
#.......###
#..........
#....[..+.#
#...)†..#.#
#...@J..#.###########
######>$.........†...
#######.######## #.#
# ..# # .##########
.. ##...... ..
#....... #.. #..⌠....


You could see an endoplasm.


Message History

You kill the bat!
Unknown command.
No target in view!
No target in view!
You now have 37 gold pieces (gained 10).
You pick up a book of Frost and begin reading...
You add the spells Freeze, Frozen Ramparts and Hailstorm to your library.
You see here a +0 sling.
A frilled lizard comes into view.
A frilled lizard is nearby!
A frilled lizard is nearby!
The frilled lizard hisses angrily.
You hit the frilled lizard but do no damage.
You hit the frilled lizard with your +0 dagger.
You kill the frilled lizard!
Unknown command.
You see here a frilled lizard corpse.
No target in view!
Unknown command.
Found a stone staircase leading down.
An endoplasm, a hobgoblin and a goblin come into view.
The goblin shouts!
You hear a loud squeak.
The endoplasm quivers.
There are monsters nearby!
There are monsters nearby!
A rat comes into view.
There are monsters nearby!
The endoplasm freezes you.
You are frozen. 😮 HP[-4]
You take 4 damage, and now have 11/15 hp.
MASSIVE DAMAGE!! (PAUSE)
The endoplasm closely misses you.
The goblin hits you with a +0 club. 😮 HP[-2]
You take 2 damage, and now have 9/15 hp.
You are too injured to fight recklessly!
The hobgoblin attacks as it pursues you!
The hobgoblin misses you. The endoplasm misses you.
The goblin hits you but does no damage.
Unknown command.
The endoplasm jiggles.
The endoplasm attacks as it pursues you!
The endoplasm closely misses you.
The goblin completely misses you. 😮 HP[+1]
You are too injured to fight recklessly!
You are too injured to fight recklessly!
Unknown command.
You are too injured to fight recklessly!
You hit the rat with your +0 club. You hit the rat with your +0 dagger.
You kill the rat!
A rat comes into view.
The endoplasm hits you. 😮 HP[-2]
You take 2 damage, and now have 8/15 hp.
You hit the hobgoblin with your +0 club.
You kill the hobgoblin!
The goblin hits you but does no damage.
The endoplasm hits you but does no damage.
You hit the endoplasm with your +0 club.
You hit the endoplasm with your +0 dagger.
The goblin hits you with a +0 club.
* * * LOW HITPOINT WARNING * * *
The endoplasm freezes you.
You are frozen.
* * * LOW HITPOINT WARNING * * *
😱 HP[-6]
You take 6 damage, and now have 2/15 hp.
MASSIVE DAMAGE!! (PAUSE) Unknown command.
Aiming: Throw Flame
Press: ? - help, Q - select action, (/) - cycle Shift-Dir - straight line, f - goblin
Aim: a goblin, wielding a +0 club (64% to hit)
The puff of flame hits the goblin.
The goblin misses you.
The endoplasm closely misses you. 😱 HP[+1] Unknown command.
Aiming: Throw Flame
Press: ? - help, Q - select action, (/) - cycle Shift-Dir - straight line, f/p - goblin
Aim: a goblin, wielding a +0 club (severely wounded, 64% to hit)
The puff of flame misses the goblin.
The goblin closely misses you. The endoplasm closely misses you.
Unknown command.
Aiming: Throw Flame
Press: ? - help, Q - select action, (/) - cycle Shift-Dir - straight line, f/p - goblin
Aim: a goblin, wielding a +0 club (severely wounded, 64% to hit)
The puff of flame hits the goblin!
You kill the goblin!
The endoplasm hits you.
* * * LOW HITPOINT WARNING * * *
😱 HP[-2]
You take 2 damage, and now have 1/15 hp.
Unknown command.
Aiming: Throw Flame
Press: ? - help, Q - select action, (/) - cycle Shift-Dir - straight line, f - rat
Aim: a rat (74% to hit)
The puff of flame hits the rat.
You kill the rat!
The endoplasm freezes you.
You are frozen.
You die...

Action                     || total
---------------------------++-------
  Melee: Club              ||     9
         Dagger            ||     8
  Evoke: Wand              ||     4
 Armour: Leather armour    ||    11
  Dodge: Dodged            ||    16

Levels and vault maps discovered:
D:1:      wander_arrival_desolate, layout_basic, chequers_jeans,
          minmay_fountain_box, minmay_distorted

Notes
Turn   | Place    | Note
-------+----------+-------------------------------------------
     0 | D:1      | ytrimaz the Coglin Artificer began the quest for the Orb.
     0 | D:1      | Reached XP level 1. HP: 15/15 MP: 1/1
     0 | D:1      | magus.rc [v1.9.6]
    49 | D:1      | You pick up a book of Frost and begin reading...
    49 | D:1      | You add the spells Freeze, Frozen Ramparts and Hailstorm to
                  | your library.
    74 | D:1      | HP: 2/15 [frozen (2)]
    78 | D:1      | Frozen to death by an endoplasm

Vanquished Creatures
  A bat (D:1)
  A goblin (D:1)
  A hobgoblin (D:1)
  A frilled lizard (D:1)
  2 rats (D:1)
6 creatures vanquished.

Table legend:
 A = Non-vault XP
 B = Vault XP
 C = Vault XP percentage of total XP
 D = Non-vault monster count
 E = Vault monster count
 F = Vault count percentage of total count
                 A         B        C        D         E       F
            +---------+---------+-------+---------+---------+-------
      Total |       9 |       0 |   0.0 |       6 |       0 |   0.0
            +---------+---------+-------+---------+---------+-------
        D:1 |       9 |       0 |   0.0 |       6 |       0 |   0.0
            +---------+---------+-------+---------+---------+-------

Action                     || total
---------------------------++-------
  Melee: Club              ||     9
         Dagger            ||     8
  Evoke: Wand              ||     4
 Armour: Leather armour    ||    11
  Dodge: Dodged            ||    16

Illustrated notes

Table legend:
 A = Kills in this place as a percentage of kills in the entire game.
 B = Kills by you in this place as a percentage of kills by you in the entire game.
 C = Kills by friends in this place as a percentage of kills by friends in the entire game.
 D = Other kills in this place as a percentage of other kills in the entire game.
 E = Experience gained in this place as a percentage of experience gained in the entire game.
 F = Experience gained in this place divided by the number of levels of this place that you have seen.
                   A       B       C       D       E      F
               +-------+-------+-------+-------+-------+----------------------
         Total | 100.0 | 100.0 |   N/A |   N/A | 100.0 |   9.0
       Dungeon | 100.0 | 100.0 |   N/A |   N/A | 100.0 |   9.0
               +-------+-------+-------+-------+-------+----------------------

Table legend: (Time is in decaauts)
 A = Elapsed time spent in this place.
 B = Non-inter-level travel time spent in this place.
 C = Inter-level travel time spent in this place.
 D = Time resting spent in this place.
 E = Time spent auto-exploring this place.
 F = Levels seen in this place.
 G = Mean time per level.
                   A        B        C        D        E       F      G
               +--------+--------+--------+--------+--------+-----+--------+
         Total |     79 |     79 |      0 |      0 |     44 |   1 |   79.0 |
       Dungeon |     79 |     79 |      0 |      0 |     44 |   1 |   79.0 |
               +--------+--------+--------+--------+--------+-----+--------+

Top non-repeatable levels by time:
     D:1: 79 daAuts
